 Dungeon Crawl Stone Soup version 0.30-a0-920-g7493c07aab (webtiles) character file.

Game seed: 3203553960514620246

70224 DeathPants the Fighter (level 15, 0/86 HPs)
             Began as a Vine Stalker Fighter on Mar 21, 2023.
             Was an Initiate of Gozag.
             Succumbed to a death drake's dark miasma
             ... in a Gauntlet.
             The game lasted 01:06:09 (18561 turns).

DeathPants the Fighter (Vine Stalker Fighter)      Turns: 18561, Time: 01:06:10

Health: 0/86       AC: 12    Str: 20    XL:     15   Next: 32%
Magic:  21/23      EV: 20    Int: 12    God:    Gozag
Gold:   5049       SH:  8    Dex: 16    Spells: 22/24 levels left

rFire   . . .      SeeInvis +    a - +1 dagger (speed)
rCold   + . .      Faith    .    u - +2 buckler
rNeg    . . .      Spirit   +    L - +1 leather armour {rC+}
rPois   .          Reflect  .    P - +1 hat {SInv}
rElec   .          Rampage  .    W - +1 cloak {Stlth+}
rCorr   .          NoTele   +    K - +1 pair of gloves
Will    +....                    B - +1 pair of boots
Stlth   +++++                    s - amulet of regeneration
HPRegen 1.94/turn                H - +5 ring of evasion
MPRegen 0.18/turn                e - +4 ring of slaying

@: lethally poisoned (0 -> -85), slowed, studying Maces & Flails, very slow
A: fangs 3, regeneration 1, magic shield, antimagic bite, no potion heal 2
a: Renounce Religion, Potion Petition, Call Merchant, Bribe Branch


You were in a Gauntlet.
You worshipped Gozag.
Gozag was greatly pleased with you.
You visited 3 branches of the dungeon, and saw 21 of its levels.
You also visited: Gauntlet.

You collected 5390 gold pieces.
You spent 207 gold pieces at shops.
You paid 134 gold pieces to Gozag.

Inventory:

Hand Weapons
 a - a +1 dagger of speed (weapon)
 b - a +1 dagger of draining
 D - a +0 scimitar
 E - a +1 rapier
 U - a +2 long sword of holy wrath
Missiles
 g - 5 atropa-tipped darts
 w - 17 boomerangs
 z - 2 throwing nets
 I - 7 curare-tipped darts (quivered)
 N - 4 javelins
Armour
 u - a +2 buckler (worn)
 B - a +1 pair of boots (worn)
 K - a +1 pair of gloves (worn)
 L - a +1 leather armour of cold resistance (worn)
 P - a +1 hat of see invisible (worn)
 W - a +1 cloak of stealth (worn)
Jewellery
 e - a +4 ring of slaying (right hand)
 j - a ring of see invisible
 s - an amulet of regeneration (around neck)
 H - a +5 ring of evasion (left hand)
 O - a ring of poison resistance
Wands
 c - a wand of flame (2)
 d - a wand of light (20)
 n - a wand of polymorph (11)
 o - a wand of iceblast (7)
 x - a wand of charming (4)
 y - a wand of digging (9)
Scrolls
 f - 3 scrolls of teleportation
 h - a scroll of fear
 k - 5 scrolls of vulnerability
 m - 2 scrolls of amnesia
 p - a scroll of immolation
 q - 3 scrolls of fog
 C - 6 scrolls of identify
 F - 2 scrolls of magic mapping
 M - 2 scrolls of blinking
 R - a scroll of summoning
Potions
 i - 5 potions of flight
 l - 3 potions of attraction
 r - 5 potions of curing
 t - 7 potions of mutation
 v - a potion of lignification
 A - a potion of might
 G - a potion of magic
 V - a potion of invisibility {unknown}
Miscellaneous
 Q - a tin of tremorstones (1/2)
 S - a tin of tremorstones (1/2)
 T - a phial of floods (inert)


   Skills:
 + Level 13.5 Fighting
 - Level 10.0(11.4) Short Blades
 * Level 9.0(10.9) Long Blades
 - Level 5.2 Armour
 + Level 8.3 Dodging
 - Level 10.8 Stealth
 - Level 7.1 Shields
 - Level 5.1 Spellcasting
 - Level 7.1 Transmutations


You had 22 spell levels left.
You knew the following spells:

 Your Spells              Type           Power      Damage    Failure   Level
a - Wereblood             Tmut           20%        N/A       2%          2

Your spell library contained the following spells:

 Spells                   Type           Power      Damage    Failure   Level
 Beastly Appendage        Tmut           40%        N/A       1%          1
 Passwall                 Tmut/Erth      9%         N/A       10%         2
 Spider Form              Tmut/Pois      11%        N/A       21%         3
 Foxfire                  Conj/Fire      12%        2x1d4     28%         1
 Sandblast                Erth           6%         2d5       28%         1
 Static Discharge         Conj/Air       6%         2-3/arc   41%         2
 Blade Hands              Tmut           10%        N/A       41%         5
 Ice Form                 Ice/Tmut       11%        N/A       54%         4
 Gell's Gravitas          Tloc           3%         N/A       65%         3
 Hailstorm                Conj/Ice       3%         3d3       65%         3
 Kindle Blastsparks       Fire/Tloc/Air  6%         2d10      65%         3
 Portal Projectile        Hex/Tloc       6%         N/A       65%         3
 Stone Arrow              Conj/Erth      6%         3d7       65%         3
 Teleport Other           Tloc           3%         N/A       65%         3
 Tukima's Dance           Hex            3%         N/A       65%         3
 Vhi's Electric Charge    Tloc/Air       6%         N/A       65%         3
 Airstrike                Air            1%         2d(1-17)  96%         4
 Fulminant Prism          Conj/Hex       1%         3d5       96%         4
 Iskenderun's Mystic Bla  Conj/Tloc      3%         2d3       96%         4
 Summon Lightning Spire   Summ/Air       3%         N/A       96%         4
 Arcjolt                  Conj/Air       1%         1d11      100%        5
 Fireball                 Conj/Fire      1%         3d3       100%        5
 Lee's Rapid Deconstruct  Erth           1%         3d4*      100%        5
 Plasma Beam              Fire/Air       1%         2x1d12    100%        5
 Dispersal                Tloc           1%         N/A       100%        6
 Starburst                Conj/Fire      1%         6d3       100%        6
 Simulacrum               Ice/Necr       Unusable   N/A       N/A         6

Dungeon Overview and Level Annotations

Branches:
Dungeon (15/15)            Temple (1/1) D:6            Lair (5/5) D:8
 Shoals (0/4) Lair:3       Spider (0/4) Lair:2        Slime (0/5) Lair:4
    Orc (0/2) D:12         Vaults (0/5) D:13         Depths (0/4) D:15
Gauntlet (1/1)

Altars:
Ashenzari
Cheibriados
Dithmenos
Fedhas
Gozag
Hepliaklqana
Kikubaaqudgha
Makhleb
Nemelex Xobeh
Okawaru
Qazlal
Ru
Sif Muna
Trog
Uskayaw
Vehumet
Wu Jian
Xom
Yredelemnul
Zin
The Shining One
Jiyva

Shops:
D:4 *(   D:5 (   D:13 *   D:14 [

Annotations:
D:8 1 runed translucent door, qeuew's ghost, novice FoFi
D:9 3 runed translucent doors, exclusion: orange crystal statue
Lair:4 3 runed translucent doors, GigaChad's ghost, journeyman FoFi
Lair:5 1 runed translucent door, epsilonplus's ghost, journeyman HuFi Gauntlet 7 transporters, 1 runed translucent door, exclusion: ice statue


Innate Abilities, Weirdness & Mutations

You have razor-sharp teeth.
Your natural rate of healing is unusually fast.
When hurt, damage is shared between your health and your magic reserves.
Your bite disrupts and absorbs the magic of your enemies.
Potions cannot restore your health.


Message History

You feel extremely sick.
The spectral boggart closely misses you.
You hit the death drake. You bite the death drake. You drain its power.
The death drake is heavily wounded.
You are engulfed in dark miasma.
You are more poisoned.
You feel as though you will be slow longer.
You feel extremely sick. The death drake barely misses you.
The spectral boggart closely misses you.
You hit the death drake but do no damage.
Your bite misses the death drake.
The death drake is heavily wounded.
You are engulfed in dark miasma.
You are lethally poisoned!
You feel extremely sick. The death drake completely misses you.
The spectral boggart barely misses you.
You hit the death drake.
The death drake is heavily wounded.
You are engulfed in dark miasma.
You are more poisoned.
You feel extremely sick. The death drake closely misses you.
You hit the death drake but do no damage.
Your bite misses the death drake.
The death drake is heavily wounded.
You are engulfed in dark miasma.
You are more poisoned.
* * * LOW HITPOINT WARNING * * *
You feel extremely sick.
The spectral boggart hits you but does no damage.
The death drake bites you.
* * * LOW HITPOINT WARNING * * *
You barely miss the death drake. You bite the death drake. You drain its power.
You feel invigorated.
The death drake is heavily wounded.
You are engulfed in dark miasma.
You are more poisoned.
* * * LOW HITPOINT WARNING * * *
You die...
Your body crumbles into a pile of gold.

#§...#...........©......
# #...#.©.........©......
#§..#####################
##§.#.##.##.#.#W#.#..##.#
#≈..##..#..##.##W#.##W#.#
##..##.##.###.##.##..##.#
#≈..#.#.©#..#.#.#.©#.##.#
#..###Z##Z##.#.##..#.#.#
#≈..#..#@k#=#.##..###.#.#
##§.#)##©##$#.##
#§..#########.##
##..............
#≈..............
###≈#≈#≈#≈#≈#### ######
#### .


You could see a death drake, a spectral boggart, a shadow and a hornet zombie.

Vanquished Creatures
  Gastronok (Lair:3)
  Nessos (Lair:3)
  Snorg (Lair:3)
  An entropy weaver (Gauntlet)
  4 vault guards (D:13)
  2 two-headed ogres
  5 hydras
  2 centaur warriors (D:13)
  2 boulder beetles
  2 tengu warriors (D:13)
  Urug (Lair:1)
  2 goliath frogs (Lair:5)
  A fire crab (Gauntlet)
  2 skysharks (Lair:5)
  Pikel (D:8)
  5 ugly things
  2 deep elf pyromancers
  6 cyclopes
  5 manticores
  15 elephants
  2 gargoyles
  4 black mambas
  A torpor snail (D:8)
  25 cane toads
  3 rime drakes
  9 komodo dragons
  A tengu conjurer (D:13)
  9 trolls
  2 hornets
  4 polar bears
  Grinder (D:3)
  11 dream sheep
  A tyrant leech (Lair:5)
  24 blink frogs
  3 slime creatures (D:13)
  2 shadows (D:12)
  4 wyverns
  36 yaks
  2 wraiths
  4 basilisks
  2 fire bats (Gauntlet)
  15 vampire mosquitoes
  Grum (D:8)
  3 redbacks
  4 acid dragons
  12 water moccasins
  2 ice beasts
  9 orc warriors
  A sky beast (D:7)
  3 black bears
  2 ogres (D:7)
  16 wolves
  7 centaurs
  A lemure (D:8)
  A phantom (D:4)
  4 kobold brigands
  A gnoll sergeant (D:13)
  16 bullfrogs
  2 scorpions
  7 wights
  6 electric eels
  7 howler monkeys
  3 hounds
  2 jellies (Lair:4)
  6 sleepcaps
  Ijyb (D:3)
  3 orc priests
  A gnoll bouda (D:6)
  25 orc wizards
  5 iguanas
  4 hell rats (Lair:2)
  A mummy (D:8)
  Robin (D:2)
  8 gnolls
  7 adders
  A white imp (D:7)
  2 ufetubi (D:4)
  6 dart slugs
  58 orcs
  3 endoplasms
  4 giant cockroaches
  14 goblins
  8 hobgoblins
  4 jackals
  18 kobolds
  6 quokkas
  10 ball pythons
  7 bats
  7 frilled lizards
  8 rats
554 creatures vanquished.

Vanquished Creatures (others)
  2 orcs (D:12)
  5 demonic plants (D:3)
  46 fungi
  136 plants
  5 withered plants (D:3)
194 creatures vanquished.

Grand Total: 748 creatures vanquished

Notes
Turn   | Place    | Note
-------+----------+-------------------------------------------
     0 | D:1      | DeathPants the Vine Stalker Fighter began the quest for the
                  | Orb.
     0 | D:1      | Reached XP level 1. HP: 11/11 MP: 2/2
    77 | D:1      | Reached XP level 2. HP: 16/16 MP: 3/3
   289 | D:1      | Reached skill level 3 in Fighting
   300 | D:2      | Reached XP level 3. HP: 13/20 MP: 1/4
   391 | D:2      | Reached skill level 1 in Dodging
   783 | D:2      | Gained mutation: Your natural rate of healing is unusually
                  | fast. [Vine Stalker growth]
   783 | D:2      | Reached XP level 4. HP: 24/24 MP: 5/5
   918 | D:3      | Noticed Grinder
   990 | D:2      | Learned a level 2 spell: Wereblood
  1030 | D:2      | Identified the +2 falchion "Reask" {venom, rF+ rCorr Str-4
                  | Int+4}
  1076 | D:2      | Noticed Robin
  1087 | D:2      | Killed Robin
  1390 | D:3      | Found an iron altar of Okawaru.
  1401 | D:3      | Reached XP level 5. HP: 28/28 MP: 6/6
  1597 | D:3      | Found a sparkling altar of Nemelex Xobeh.
  1651 | D:3      | Killed Grinder
  1652 | D:3      | Reached skill level 4 in Fighting
  1652 | D:3      | Reached XP level 6. HP: 27/33 MP: 4/7
  1741 | D:3      | Noticed Ijyb
  1754 | D:3      | Killed Ijyb
  1981 | D:4      | Found Yddiecw's Weapon Emporium.
  2033 | D:4      | Reached XP level 7. HP: 37/37 MP: 6/8
  2240 | D:4      | You fall into a shaft and drop 3 floors!
  2351 | D:8      | Found a blossoming altar of Fedhas.
  2519 | D:6      | Found a shimmering altar of Xom.
  2520 | D:6      | Found a shimmering altar of Xom.
  2520 | D:6      | Found a shimmering altar of Xom.
  2520 | D:6      | Found a shimmering altar of Xom.
  2520 | D:6      | Found a shimmering altar of Xom.
  2521 | D:6      | Found a shimmering altar of Xom.
  2522 | D:6      | Found a shimmering altar of Xom.
  2535 | D:6      | Reached skill level 5 in Fighting
  2535 | D:6      | Reached skill level 5 in Shields
  2535 | D:6      | Gained mutation: You have razor-sharp teeth. [Vine Stalker
                  | growth]
  2535 | D:6      | Reached XP level 8. HP: 43/43 MP: 9/9
  2758 | D:6      | Found a staircase to the Ecumenical Temple.
  2767 | Temple   | Entered the Ecumenical Temple
  2808 | Temple   | Became a worshipper of Gozag Ym Sagoz the Greedy
  2859 | D:6      | Reached skill level 5 in Short Blades
  2903 | D:5      | Entered Level 5 of the Dungeon
  3268 | D:3      | Found a faded altar of an unknown god.
  3548 | D:4      | Found an ancient bone altar of Kikubaaqudgha.
  3618 | D:4      | Found Xyargh's Serpentskin Sales.
  3633 | D:4      | Reached skill level 6 in Fighting
  3650 | D:4      | Bought 4 curare-tipped darts for 67 gold pieces
  3836 | D:5      | Reached XP level 9. HP: 44/48 MP: 10/10
  3946 | D:5      | Found Mishuxai's Antique Weapon Shoppe.
  3954 | D:5      | Bought a glowing dagger for 140 gold pieces
  5220 | D:5      | Noticed a rust devil
  5220 | D:5      | Noticed a rust devil
  5886 | D:8      | Noticed a hornet
  5894 | D:7      | Paralysed by a hornet for 2 turns
  5897 | D:7      | Killed a hornet
  5898 | D:7      | Reached skill level 7 in Fighting
  6017 | D:8      | Noticed Pikel
  6020 | D:8      | Noticed Grum
  6039 | D:8      | Killed Pikel
  6040 | D:8      | Reached XP level 10. HP: 54/55 MP: 11/11
  6072 | D:8      | Killed Grum
  6237 | D:9      | Found a bloodstained altar of Trog.
  6266 | D:8      | Found a broken altar of Ashenzari.
  6304 | D:8      | Found a runed translucent door.
  6307 | D:8      | Noticed qeuew's ghost (novice FoFi)
  6308 | D:8      | Identified the +8 spear "Worm" {pain, rPois Dex+2 Stlth+}
  6414 | D:8      | Found a staircase to the Lair.
  6478 | D:8      | Found a snail-covered altar of Cheibriados.
  6647 | D:9      | Found a glowing golden altar of the Shining One.
  6886 | D:9      | Found a runed translucent door.
  6895 | D:9      | Paralysed by a hornet for 1 turns
  6909 | D:9      | Noticed an orange crystal statue
  6919 | D:9      | Found a runed translucent door.
  6927 | D:9      | Found a runed translucent door.
  6936 | D:9      | Found a runed translucent door.
  7221 | D:9      | Reached skill level 8 in Fighting
  7293 | D:10     | Entered Level 10 of the Dungeon
  7395 | D:9      | Found a radiant altar of Vehumet.
  7678 | D:10     | Found a glowing silver altar of Zin.
  7710 | D:10     | Found a burning altar of Makhleb.
  7712 | D:10     | Noticed a cacodemon
  7713 | D:10     | Noticed an angel
  7780 | D:10     | Reached XP level 11. HP: 49/60 MP: 8/12
  8843 | D:11     | Noticed a cyclops
  8854 | D:11     | Killed a cyclops
  8855 | D:11     | Reached skill level 5 in Armour
  8855 | D:11     | Reached skill level 5 in Dodging
  8885 | D:11     | Noticed a cyclops
  8906 | D:11     | Killed a cyclops
  9020 | D:11     | Noticed a two-headed ogre
  9030 | D:11     | Killed a two-headed ogre
  9044 | D:11     | Reached skill level 10 in Short Blades
  9603 | D:12     | Noticed a boulder beetle
  9639 | D:12     | Killed a boulder beetle
  9640 | D:12     | Reached skill level 9 in Fighting
  9640 | D:12     | Reached skill level 1 in Spellcasting
  9640 | D:12     | Reached skill level 1 in Transmutations
  9723 | D:13     | Noticed a tengu warrior
  9743 | D:13     | Noticed a cyclops
  9743 | D:13     | Noticed a manticore
  9755 | D:12     | Killed a cyclops
 10101 | D:12     | Noticed a cyclops
 10115 | D:12     | Killed a cyclops
 10133 | D:12     | Noticed a red ugly thing
 10175 | D:12     | Reached XP level 12. HP: 66/66 MP: 15/17
 10627 | D:12     | Found a staircase to the Orcish Mines.
 11080 | Lair:1   | Entered Level 1 of the Lair of Beasts
 11744 | Lair:1   | Reached skill level 10 in Fighting
 11872 | Lair:1   | Noticed Urug
 11883 | Lair:1   | Killed Urug
 11884 | Lair:1   | Reached skill level 5 in Transmutations
 11892 | Lair:1   | Reached skill level 5 in Spellcasting
 12497 | Lair:2   | Reached skill level 1 in Stealth
 12780 | Lair:2   | Found a hole to the Spider Nest.
 12803 | Lair:2   | Reached XP level 13. HP: 72/72 MP: 21/21
 12877 | Lair:3   | Noticed Snorg
 12903 | Lair:3   | Killed Snorg
 12910 | Lair:3   | Reached skill level 5 in Stealth
 12957 | Lair:3   | Reached skill level 11 in Fighting
 13339 | Lair:3   | Reached skill level 1 in Long Blades
 13449 | Lair:3   | Noticed Nessos
 13453 | Lair:3   | Killed Nessos
 13475 | Lair:3   | Noticed Gastronok
 13494 | Lair:3   | Killed Gastronok
 13583 | Lair:3   | Found a staircase to the Shoals.
 14536 | Lair:4   | Found a staircase to the Slime Pits.
 14538 | Lair:4   | Found a runed translucent gate.
 14538 | Lair:4   | Found a runed translucent gate.
 14538 | Lair:4   | Noticed an azure jelly
 14539 | Lair:4   | Found a runed translucent gate.
 14539 | Lair:4   | Noticed an acid blob
 14539 | Lair:4   | Noticed an acid blob
 14540 | Lair:4   | Found a viscous altar of Jiyva.
 14565 | Lair:4   | Noticed a quicksilver ooze
 14565 | Lair:4   | Noticed an azure jelly
 14641 | Lair:5   | Entered Level 5 of the Lair of Beasts
 14879 | Lair:5   | Reached XP level 14. HP: 79/79 MP: 22/22
 14884 | Lair:5   | Reached skill level 12 in Fighting
 15086 | Lair:4   | Reached skill level 5 in Long Blades
 15653 | Lair:4   | Noticed GigaChad's ghost (journeyman FoFi)
 15653 | Lair:4   | Noticed an azure jelly
 15654 | Lair:4   | Noticed an azure jelly
 15693 | Lair:4   | Found a viscous altar of Jiyva.
 15824 | Lair:5   | Reached skill level 10 in Stealth
 16246 | Lair:5   | Found a runed translucent door.
 16246 | Lair:5   | Noticed epsilonplus's ghost (journeyman HuFi)
 17231 | Lair:5   | Reached skill level 13 in Fighting
 17557 | D:13     | Found a gate to the Vaults.
 17611 | D:13     | Reached XP level 15. HP: 72/86 MP: 23/23
 17790 | D:14     | Found a snail-covered altar of Cheibriados.
 17790 | D:14     | Found Cheibriados's Comfort Zone.
 17926 | D:13     | Found Yhoa's Overcharged Wands.
 18235 | D:15     | Entered Level 15 of the Dungeon
 18316 | D:15     | Found a gate leading to a gauntlet.
 18347 | Gauntlet | Entered a Gauntlet
 18347 | Gauntlet | Found a transporter.
 18347 | Gauntlet | Found a transporter.
 18347 | Gauntlet | Found a runed translucent door.
 18347 | Gauntlet | Found a runed translucent door.
 18354 | Gauntlet | Found a transporter.
 18354 | Gauntlet | Found a transporter.
 18362 | Gauntlet | Found a transporter.
 18380 | Gauntlet | Found a transporter.
 18436 | Gauntlet | Found a transporter.
 18475 | Gauntlet | Found a transporter.
 18477 | Gauntlet | Found a transporter.
 18477 | Gauntlet | Found a transporter.
 18505 | Gauntlet | Found a transporter.
 18547 | Gauntlet | Found a transporter.
 18561 | Gauntlet | Succumbed to a death drake's dark miasma

Illustrated notes

Levels and vault maps discovered:
D:1:      minmay_arrival_stone_box, layout_rooms,
          chequers_serial_rivers_micro_a, minmay_worlds_worst_comb
D:2:      layout_loops_ring, uniq_robin
D:3:      layout_rooms, old_standard_altar, okawaru_metal_pillars_1_2,
          shapermc_ecumenical_altar_gd, minmay_fractal_squares_gapless_5,
          uniq_grinder, uniq_ijyb
D:4:      layout_basic, amcnicky_altar_gilded, enter_ossuary_1, serial_shops,
          nicolae_shop_bloodbath_and_beyond, guppyfry_shop_venom
D:5:      cheibrodos_iron_armory, layout_basic, serial_shops,
          nicolae_shop_overgrown_old_shop, minmay_misc_feat_more_columns,
          nrook_uturn, kennysheep_path_1, chequers_serial_rivers_micro_d
D:6:      layout_cave_pods, xom_redecorated, minmay_temple_entry_antechambers,
          kennysheep_generic_room_16
D:7:      layout_rooms, enter_bailey_4
D:8:      layout_rooms, fedhas_altar_2, slow_altar_2,
          cheibrodos_ashenzari_chains, david_lair_shrubbed,
          ebering_ghost_funeral_grove, uniq_pikel, uniq_grum
D:9:      layout_grid_maze, nicolae_overflow_hidden_temple,
          minmay_statue_crystal_thing
D:10:     layout_cave_pools, grunt_temple_overflow_order_and_chaos_2
D:11:     layout_stronghold
D:12:     layout_roguey, erik_orc_2
D:13:     layout_rooms, lightli_vaults_fourway_checkpoint,
          nicolae_shop_overcharged_wands
D:14:     layout_rooms, roderic_lattice_a, minmay_shop_chei
D:15:     gammafunk_enter_depths_forms, layout_loops_cross,
          gauntlet_entry_generic, grunt_potential
Temple:   nicolae_temple_cloud_nine
Lair:1:   layout_regular_city, chequers_serial_rivers_large_a,
          small_statue_intersection, uniq_urug
Lair:2:   layout_misc_corridors, spider_nest_entry_webs
Lair:3:   cheibrodos_lair_river_kwai, layout_loops_ring,
          minmay_shoals_entry_centaurs, grunt_megastairs_1,
          infiniplex_staircase_pool_2, uniq_snorg, uniq_nessos, uniq_gastronok
Lair:4:   layout_small_grid, nicolae_slime_entry_field_trip,
          gammafunk_ghost_ooze, infiniplex_staircase_pool, serial_bayou_shore_a
Lair:5:   minmay_lair_end_frog_pond, layout_gridlike,
          hellmonk_ghost_happy_afterlife, serial_bayou_shore_b,
          lemuel_fruit_tree
Gauntlet: gammafunk_gauntlet_mixed_choke_point
          [minmay_gauntlet_arena_77_block_sizes,
          minmay_gauntlet_arena_77_shame_cube,
          minmay_gauntlet_arena_77_hold_the_fort,
          nicolae_gauntlet_arena_t_cross,
          minmay_gauntlet_arena_77_chump_sandwich,
          minmay_gauntlet_arena_77_mess,
          minmay_gauntlet_arena_77_tiled_triplets, gauntlet_exit_green]

Skill      XL: |  1  2  3  4  5  6  7  8  9 10 11 12 13 14 15 |
---------------+----------------------------------------------+-----
Short Blades   | 2 3 4 5 7 9 10 | 10.0
Fighting       | 3 4 5 6 7 8 9 10 11 13 | 13.5
Shields        | 3 4 5 6 7 |  7.1
Dodging        | 1 2 3 4 5 6 7 8 |  8.3
Armour         | 3 4 5 |  5.2
Spellcasting   | 2 5 |  5.1
Transmutations | 2 6 7 |  7.1
Stealth        | 4 9 10 | 10.8
Long Blades    | 4 7 9 |  9.0

Action                     |  1- 3 |  4- 6 |  7- 9 | 10-12 | 13-15 || total
---------------------------+-------+-------+-------+-------+-------++-------
  Melee: Rapier            |   129 |    23 |       |       |       ||   152
         Bite              |    31 |    29 |   160 |   464 |   583 ||  1267
         Falchion          |       |    90 |    20 |       |       ||   110
         Dagger            |       |       |   370 |  1012 |  1216 ||  2598
  Throw: Dart              |       |     8 |     3 |    18 |     5 ||    34
   Cast: Wereblood         |       |       |       |       |     1 ||     1
  Evoke: Wand              |       |       |       |       |     5 ||     5
         Phial of floods   |       |       |       |       |     1 ||     1
         Tin of tremorston |       |       |       |       |     1 ||     1
    Use: Scroll            |       |     8 |    12 |     6 |     7 ||    33
         Potion            |       |     1 |       |     2 |     2 ||     5
   Stab: Distracted        |       |       |     1 |     1 |     9 ||    11
         Sleeping          |       |       |       |     1 |     7 ||     8
 Armour: Scale mail        |    84 |    41 |    93 |   136 |       ||   354
         Leather armour    |       |       |       |    41 |   137 ||   178
  Dodge: Dodged            |    94 |    60 |   139 |   421 |   537 ||  1251
  Block: Buckler           |    49 |    30 |    44 |   167 |   321 ||   611

Table legend: (Time is in decaauts)
 A = Elapsed time spent in this place.
 B = Non-inter-level travel time spent in this place.
 C = Inter-level travel time spent in this place.
 D = Time resting spent in this place.
 E = Time spent auto-exploring this place.
 F = Levels seen in this place.
 G = Mean time per level.
                   A        B        C        D        E       F      G
               +--------+--------+--------+--------+--------+-----+--------+
         Total |  17161 |  16056 |   1105 |    345 |  10211 |  22 |  780.0 |
       Dungeon |  11478 |  10597 |    881 |    343 |   6829 |  15 |  765.2 |
        Temple |     47 |     42 |      5 |      0 |     35 |   1 |   47.0 |
          Lair |   5448 |   5229 |    219 |      2 |   3315 |   5 | 1089.6 |
      Gauntlet |    186 |    186 |      0 |      0 |     32 |   1 |  186.0 |
               +--------+--------+--------+--------+--------+-----+--------+

Top non-repeatable levels by time:
  Lair:3: 1293 daAuts
  Lair:5: 1282 daAuts
  Lair:4: 1237 daAuts
     D:6: 1201 daAuts
    D:12: 1159 daAuts
     D:5: 1111 daAuts
    D:11: 1019 daAuts
  Lair:1: 1017 daAuts
     D:9: 945 daAuts
     D:8: 895 daAuts
     D:2: 830 daAuts
     D:4: 772 daAuts
     D:3: 744 daAuts
     D:7: 726 daAuts
    D:10: 680 daAuts
